 Dungeon Crawl Stone Soup version 0.29.1-2-gbd0b4ee654 (webtiles) character file.

Game seed: 1170586770260232676

13240 fantasyman the Carver (level 11, -2/89 HPs)
             Began as a Demigod Fighter on Nov 16, 2022.
             Slain by a four-headed hydra (12 damage)
             ... on level 11 of the Dungeon.
             The game lasted 00:25:21 (15044 turns).

fantasyman the Carver (Demigod Fighter)            Turns: 15044, Time: 00:25:22

Health: -2/89      AC: 23    Str: 27    XL:     11   Next: 45%
Magic:  14/14      EV: 16    Int: 14    God:
Gold:   1068       SH: 11    Dex: 17    Spells: 10/10 levels left

rFire   x . .      SeeInvis +   a - +10 zealot's sword {holy, *Rage rN+ EV+3}
rCold   + + .      Faith    .   c - +0 buckler
rNeg    + . .      Spirit   .   l - +8 ice dragon scales of Fortification {rF- rC++ Str+2 Int+4}
rPois   +          Reflect  +   e - +0 helmet
rElec   +          Harm     .   E - scarf {repulsion}
rCorr   .          Rampage  .   t - +0 pair of gloves
Will    +....      Rage     20% (no boots)
Stlth   ..........              y - amulet of reflection
HPRegen 0.24/turn               i - ring of poison resistance
MPRegen 0.14/turn               g - ring of Herotsad {rElec EV+4 SInv}

@: about to teleport, repel missiles
A: high MP 1, forlorn, divine attributes, poison resistance
a: no special abilities


You were on level 11 of the Dungeon.
You visited 1 branch of the dungeon, and saw 12 of its levels.
You also visited: Sewer.

You collected 1236 gold pieces.
You spent 168 gold pieces at shops.

Inventory:

Hand Weapons
 a - the +10 zealot's sword (weapon) {holy, *Rage rN+ EV+3}
   (You acquired it on level 4 of the Dungeon)

   It has been blessed by the Shining One to cause great damage to the undead
   and demons.
   Whenever the wielder enters a berserk rage, their allies are berserked
   alongside them.
   EV:        It affects your evasion (+3).
   rN:        It protects you from negative energy.
   *Rage:     It berserks you when you make melee attacks (+20% chance).
 G - a +4 great sword
Armour
 c - a +0 buckler (worn)
 e - a +0 helmet (worn)
 l - the +8 ice dragon scales of Fortification (worn) {rF- rC++ Str+2 Int+4}
   (You acquired it on level 1 of the Dungeon)

   Str:       It affects your strength (+2).
   Int:       It affects your intelligence (+4).
   rF:        It makes you vulnerable to fire.
   rC:        It greatly protects you from cold.
 t - a +0 pair of gloves (worn)
 E - a scarf of repulsion (worn)
Jewellery
 g - the ring of Herotsad (right hand) {rElec EV+4 SInv}
   (You acquired it on level 4 of the Dungeon)

   [ring of evasion]

   EV:        It affects your evasion (+4).
   rElec:     It insulates you from electricity.
   SInv:      It lets you see invisible.
 i - a ring of poison resistance (left hand)
 m - a ring of protection from fire
 x - a ring of willpower
 y - an amulet of reflection (around neck)
 A - a +6 ring of strength
 D - a +6 ring of dexterity
 F - a ring of protection from cold
Wands
 b - a wand of roots (21)
 n - a wand of flame (12)
 u - a wand of paralysis (9)
Scrolls
 h - 2 scrolls of fear
 k - 10 scrolls of identify
 q - 2 scrolls of enchant weapon
 r - 2 scrolls of poison
 s - 2 scrolls of teleportation
 v - 2 scrolls of magic mapping
 B - a scroll of fog
Potions
 d - 3 potions of might
 f - 6 potions of heal wounds
 j - a potion of ambrosia
 o - a potion of flight
 p - a potion of attraction
 w - a potion of lignification
 z - 4 potions of curing
 C - a potion of berserk rage
 H - a potion of mutation
 I - a potion of degeneration {unknown}


   Skills:
 + Level 5.9 Fighting
 * Level 13.0 Long Blades
 - Level 4.4 Maces & Flails
 + Level 8.3 Armour
 + Level 5.9 Shields


You had 10 spell levels left.
You didn't know any spells.
Your spell library contained the following spells:

 Spells                   Type           Power      Damage    Failure   Level
 Magic Dart               Conj           0%         1d3       65%         1
 Searing Ray              Conj           0%         2d4       78%         2
 Animate Armour           Summ/Erth      0%         N/A       100%        4
 Fulminant Prism          Conj/Hex       0%         3d6       100%        4
 Blade Hands              Tmut           0%         N/A       100%        5
 Iron Shot                Conj/Erth      0%         9d1       100%        6


Dungeon Overview and Level Annotations

Branches:
Dungeon (12/15)            Temple (0/1) D:5            Lair (0/5) D:9
  Sewer (visited)
    Orc: D:9-12

Shops:
D:5 *   D:7 *   D:10 !


Innate Abilities, Weirdness & Mutations

You have an increased reservoir of magic. (+10% MP)
You shall have no god before yourself.
Your divine heritage dramatically boosts your attributes as you level up.
Your system is resistant to poisons. (rPois)


Message History

There is a stone staircase leading down here.
The four-headed hydra bites you but does no damage.
The four-headed hydra bites you.
You block the four-headed hydra's attack.
The four-headed hydra bites you but does no damage.
The four-headed hydra attacks as you move away!
The four-headed hydra bites you but does no damage.
The four-headed hydra barely misses you.
The four-headed hydra bites you.
The four-headed hydra bites you but does no damage.
You see here a +0 long sword.
The four-headed hydra attacks as you move away!
The four-headed hydra bites you.
The four-headed hydra bites you but does no damage.
You block the four-headed hydra's attack.
The four-headed hydra bites you!
The four-headed hydra attacks as you move away!
You block the four-headed hydra's attack.
The four-headed hydra misses you.
The four-headed hydra barely misses you.
The four-headed hydra bites you!
* * * LOW HITPOINT WARNING * * *
As you read the scroll of teleportation, it crumbles to dust.
You feel strangely unstable.
The four-headed hydra closely misses you.
The four-headed hydra misses you.
The four-headed hydra closely misses you.
You block the four-headed hydra's attack.
The four-headed hydra attacks as you move away!
The four-headed hydra bites you!
* * * LOW HITPOINT WARNING * * *
The four-headed hydra bites you but does no damage. x2
You block the four-headed hydra's attack.
The four-headed hydra attacks as you move away!
You block the four-headed hydra's attack.
The four-headed hydra bites you.
* * * LOW HITPOINT WARNING * * *
The four-headed hydra bites you but does no damage.
The four-headed hydra bites you!
You die...

# ##########.#
#..........#
####..........###
#..>.)..D@.......
#.........#######
#.............
#.........####
#.........#
#.........#
#.........#
#......./..


You could see a four-headed hydra.

Vanquished Creatures
  A centaur warrior (D:10)
  A two-headed ogre (D:10)
  Urug (D:10)
  Nergalle (D:10)
  Lodul (D:10)
  Pikel (D:7)
  2 ugly things
  Psyche (D:10)
  An unseen horror (D:12)
  2 komodo dragons
  2 hornets (D:10)
  6 yaks (D:10)
  5 wyverns
  A vampire (D:12)
  Eustachio (D:5)
  2 wraiths
  2 steam dragons
  2 basilisks (D:9)
  Menkaure (D:7)
  3 acid dragons (D:10)
  A water moccasin (D:8)
  2 orc warriors
  11 ogres
  5 centaurs
  A lemure (D:7)
  2 kobold brigands
  6 bullfrogs
  A necrophage (D:5)
  2 scorpions
  16 wights
  10 killer bees
  A bullfrog zombie (D:7)
  2 jellies
  7 orc priests
  Crazy Yiuf (D:7)
  2 hounds
  A gnoll bouda (D:7)
  3 iguanas
  6 orc wizards
  A killer bee zombie (D:7)
  Robin (D:3)
  5 gnolls (D:7)
  17 adders
  A shadow imp (D:5)
  2 white imps
  An ufetubus (D:6)
  4 worms (D:3)
  2 dart slugs
  13 orcs
  7 ball pythons
  7 endoplasms
  12 giant cockroaches
  18 goblins
  7 hobgoblins
  18 jackals
  14 kobolds
  6 quokkas
  2 bats (D:2)
  9 frilled lizards
  3 rats
267 creatures vanquished.

Vanquished Creatures (others)
  12 plants (D:1)
12 creatures vanquished.

Grand Total: 279 creatures vanquished

Notes
Turn   | Place    | Note
-------+----------+-------------------------------------------
     0 | D:1      | fantasyman the Demigod Fighter began the quest for the Orb.
     0 | D:1      | Reached XP level 1. HP: 18/18 MP: 3/3
   261 | D:1      | Reached XP level 2. HP: 25/25 MP: 4/4
  1095 | D:1      | Reached XP level 3. HP: 24/31 MP: 5/5
  1171 | D:1      | Identified 3 scrolls of acquirement
  1171 | D:1      | Acquired the +8 ice dragon scales of Fortification {rF-
                  | rC++ Str+2 Int+4}
  1871 | D:3      | Reached XP level 4. HP: 38/38 MP: 6/6
  2324 | D:3      | Found a glowing drain.
  2340 | Sewer    | Entered a sewer
  2620 | Sewer    | Reached XP level 5. HP: 45/45 MP: 7/7
  3485 | D:3      | Noticed Robin
  3525 | D:3      | Killed Robin
  4057 | D:4      | Gained mutation: Your body sometimes deteriorates upon
                  | taking damage. [potion of mutation]
  4057 | D:4      | Gained mutation: You expend magic power (3 MP) to
                  | strengthen your wands. [potion of mutation]
  4173 | D:4      | Acquired the +10 zealot's sword {holy, *Rage rN+ EV+3}
  4173 | D:4      | Found the +10 zealot's sword {holy, *Rage rN+ EV+3}
  4174 | D:4      | Acquired the ring of Herotsad {rElec EV+4 SInv}
  4391 | D:4      | Reached XP level 6. HP: 51/51 MP: 8/8
  4694 | D:4      | Reached skill level 1 in Long Blades
  4852 | D:5      | Entered Level 5 of the Dungeon
  4864 | D:5      | Reached skill level 2 in Long Blades
  4935 | D:5      | Found a staircase to the Ecumenical Temple.
  5015 | D:5      | Noticed Eustachio
  5022 | D:5      | Killed Eustachio
  5023 | D:5      | Reached skill level 3 in Long Blades
  5023 | D:5      | Reached XP level 7. HP: 57/57 MP: 9/9
  5233 | D:5      | Found Razoudd's Lightly-Used Armoury.
  5258 | D:5      | Reached skill level 4 in Long Blades
  5340 | D:5      | Identified the +4 ring mail "Jaoxah" {-Tele Rampage +Inv
                  | Will+}
  5573 | D:5      | Reached skill level 5 in Long Blades
  5823 | D:5      | Reached skill level 6 in Long Blades
  5823 | D:5      | Reached XP level 8. HP: 64/64 MP: 10/10
  6224 | D:6      | Reached skill level 7 in Long Blades
  6506 | D:7      | Noticed Pikel
  6514 | D:7      | Killed Pikel
  6515 | D:7      | Reached skill level 8 in Long Blades
  6515 | D:7      | Reached skill level 5 in Armour
  7166 | D:7      | Reached XP level 9. HP: 70/70 MP: 11/11
  7270 | D:7      | Reached skill level 9 in Long Blades
  7487 | D:7      | Found Jautin's Neck Hole.
  7502 | D:7      | Bought a scarf of repulsion for 168 gold pieces
  7852 | D:7      | Noticed Menkaure
  7855 | D:7      | Killed Menkaure
  8318 | D:7      | Found a runed translucent door.
  8319 | D:7      | Noticed Crazy Yiuf
  8327 | D:7      | Killed Crazy Yiuf
  8650 | D:8      | Reached skill level 10 in Long Blades
  9713 | D:9      | Identified the +0 chain mail of Xiuqae Seme {rC+ rN+}
  9728 | D:9      | Reached skill level 11 in Long Blades
 10097 | D:9      | Reached XP level 10. HP: 67/78 MP: 13/13
 10210 | D:9      | Found a staircase to the Lair.
 10344 | D:9      | Noticed a four-headed hydra
 10664 | D:10     | Entered Level 10 of the Dungeon
 11068 | D:10     | Found Wyorrete's Distillery.
 11107 | D:10     | Noticed a two-headed ogre
 11111 | D:10     | Killed a two-headed ogre
 11112 | D:10     | Reached skill level 12 in Long Blades
 11116 | D:10     | Noticed a centaur warrior
 11117 | D:10     | Noticed a white ugly thing
 11125 | D:10     | Killed a centaur warrior
 11133 | D:10     | Killed a white ugly thing
 11134 | D:10     | Paralysed by a hornet for 3 turns
 11142 | D:10     | Paralysed by a hornet for 1 turns
 11594 | D:10     | Noticed Urug
 11609 | D:10     | Killed Urug
 11610 | D:10     | Reached skill level 5 in Fighting
 11610 | D:10     | Reached skill level 5 in Shields
 11898 | D:10     | Lost mutation: You expend magic power (3 MP) to strengthen
                  | your wands. [potion of mutation]
 11898 | D:10     | Lost mutation: Your body sometimes deteriorates upon taking
                  | damage. [potion of mutation]
 11898 | D:10     | Gained mutation: Your system is resistant to poisons.
                  | (rPois) [potion of mutation]
 11985 | D:10     | Noticed Nergalle
 11995 | D:10     | Killed Nergalle
 11996 | D:10     | Reached XP level 11. HP: 88/88 MP: 14/14
 13067 | D:10     | Noticed Psyche
 13076 | D:10     | Killed Psyche
 13318 | D:10     | Noticed Lodul
 13338 | D:10     | Killed Lodul
 14364 | D:11     | Noticed a four-headed hydra
 14694 | D:12     | Reached skill level 13 in Long Blades
 14985 | D:12     | Noticed a four-headed hydra
 15044 | D:11     | Slain by a four-headed hydra

Illustrated notes

Levels and vault maps discovered:
D:1:      lightli_arrival_statue_moat, layout_basic,
          chequers_serial_rivers_room_b, serial_bayou_lagoon_a
D:2:      minmay_roachtagon, layout_rooms, basic_altar
D:3:      kennysheep_goblin_castle, layout_rooms, minitemple,
          cheibrodos_sewer_entry_bend, minmay_door_square,
          minmay_shallow_snake_nest
D:4:      minmay_wonky_spiral, layout_cave_pools
D:5:      layout_basic, minmay_temple_entry_hall, st_stairs_8,
          minmay_shop_damaged, uniq_eustachio
D:6:      layout_gridville, lemuel_doored_altar
D:7:      layout_loops_ring, lemuel_zombie_altar_yredelemnul,
          nicolae_shop_sticking_my_neck_out, uniq_menkaure,
          uniq_crazy_yiuf_cottage, uniq_pikel
D:8:      layout_basic
D:9:      layout_cave_pools, lemuel_coloured_pillars_altar,
          mainiacjoe_overflow_catwalk, erik_lair_dragon
D:10:     layout_layer_cave, serial_shops, nicolae_shop_stone,
          minmay_ruined_shrine, uniq_nergalle, uniq_urug, uniq_psyche,
          uniq_lodul
D:11:     layout_basic, david_orc_3, uniq_erolcha
D:12:     layout_cave_pods, ebering_ghost_gozag

Skill      XL: |  1  2  3  4  5  6  7  8  9 10 11 |
---------------+----------------------------------+-----
Armour         | 3 4 5 6 7 8 |  8.3
Maces & Flails | 2 3 4 |  4.4
Fighting       | 3 5 |  5.9
Shields        | 3 5 |  5.9
Long Blades    | 3 6 8 11 12 13 | 13.0

Action                   |  1- 3 |  4- 6 |  7- 9 | 10-12 || total
-------------------------+-------+-------+-------+-------++-------
Melee: Flail             |   150 |   190 |       |       ||   340
       Eudemon blade     |       |    33 |   193 |   221 ||   447
       Club              |       |       |       |     3 ||     3
  Use: Scroll            |     9 |     7 |     7 |     4 ||    27
       Potion            |       |     2 |       |     4 ||     6
Armor: Scale mail        |    35 |       |       |       ||    35
       Ice dragon scales |    37 |   166 |    34 |   141 ||   378
Dodge: Dodged            |    71 |   145 |    76 |   156 ||   448
Block: Buckler           |    36 |    54 |    80 |   166 ||   336
       Reflection        |       |       |     3 |     2 ||     5
